 Dungeon Crawl Stone Soup version 0.32-a0-7-ge934b4519a (webtiles) character file.

Game seed: 12470858682547723014

81 jjjjhere the Changeling (level 4, -1/32 HPs)
             Began as a Merfolk Shapeshifter on Jan 13, 2024.
             Incinerated by a bombardier beetle (6 damage)
             ... with a burning spray
             ... on level 3 of the Dungeon.
             The game lasted 00:03:15 (2248 turns).

jjjjhere the Changeling (Merfolk Shapeshifter)      Turns: 2248, Time: 00:03:15

Health: -1/32      AC:  2    Str: 16    XL:     4   Next: 42%
Magic:  4/4        EV:  8    Int:  9    God:
Gold:   114        SH: 11    Dex: 13    Spells: 3/3 levels left

rFire   . .          .
                       - Unarmed
rCold   . . .        e - +0 tower shield
rNeg    . . .        a - +0 animal skin
rPois   .            (helmet currently unavailable)
rElec   .            (cloak currently unavailable)
rCorr   .            (gloves currently unavailable)
SInv    +            (boots currently unavailable)
Will    .....        (no amulet)
Stlth   +            m - ring of see invisible
HPRegen 0.25/turn    (no ring)
MPRegen 0.09/turn

%: no passive effects
@: on fire, beast-form, glowing
A: beast (slay +2), (nimble swimmer 2), mertail
a: Begin Untransformation


You were on level 3 of the Dungeon.
You were a hulking beast.
You visited 1 branch of the dungeon, and saw 3 of its levels.

You collected 114 gold pieces.

Inventory:

Armour
 a - a +0 animal skin (worn)
 e - a +0 tower shield (worn)
 i - a +0 cloak
Jewellery
 m - a ring of see invisible (left hand)
Talismans
 c - a beast talisman
 d - a flux talisman
Scrolls
 f - 2 scrolls of immolation {unknown}
 k - a scroll of fear {unknown}
 l - 2 scrolls of identify {unknown}
 n - a scroll of amnesia {unknown}
 p - a scroll of teleportation {unknown}
 s - a scroll of blinking {unknown}
 t - a scroll of vulnerability {unknown}
Potions
 b - 2 potions of lignification
 g - a potion of berserk rage {unknown}
 h - 2 potions of invisibility {unknown}
 j - a potion of might {unknown}
 o - a potion of degeneration {unknown}
 q - 2 potions of heal wounds {unknown}
 r - 4 potions of curing {unknown}
 u - a potion of ambrosia {unknown}


   Skills:
 - Level 1.1 Fighting
 - Level 2.6 Dodging
 - Level 1.6 Shields
 + Level 4.4 Unarmed Combat
 + Level 4.9 Shapeshifting


You had 3 spell levels left.
You didn't know any spells.
Your spell library contained the following spells:

 Spells                   Type           Power      Damage    Failure   Level
 Foxfire                  Conj/Fire      0%         2x1d4     99%         1
 Plasma Beam              Fire/Air       0%         2x1d10    100%        6
 Starburst                Conj/Fire      0%         6d3       100%        6


Dungeon Overview and Level Annotations

Branches:
Dungeon (3/15)

Altars:


Innate Abilities, Weirdness & Mutations

You are a hulking beast.
Your limbs bulge with bestial killing power. (Slay +2)
((You are very nimble when in or above water. (Stealth+, EV+, Speed+++)))
Your lower body shifts to a powerful aquatic tail in water.


Message History

The endoplasm barely misses you.
You hit the endoplasm.
You kill the endoplasm!
No target in view!
There is a stone staircase leading up here.
Key pressed, stopping explore.
You open the door.
A bombardier beetle comes into view.
Found 14 gold pieces.
An orc comes into view. It is wielding a +0 mace.
There is an open door here.
You block the orc's attack.
You hit the bombardier beetle.
The bombardier beetle is moderately wounded.
You block the bombardier beetle's attack.
The orc hits you with a +0 mace!
You hit the bombardier beetle.
The bombardier beetle is heavily wounded.
The orc closely misses you. The bombardier beetle bites you.
You hit the bombardier beetle.
The bombardier beetle is severely wounded.
The orc hits you with a +0 mace!
The bombardier beetle sprays incendiary fluid at you.
The burning spray hits you.
You are covered in liquid fire!
The orc hits you with a +0 mace.
You hit the bombardier beetle.
The bombardier beetle is severely wounded.
The liquid fire burns you! You block the orc's attack.
You completely miss the bombardier beetle.
The bombardier beetle is severely wounded.
The liquid fire burns you!
* * * LOW HITPOINT WARNING * * *
The orc closely misses you. The bombardier beetle bites you.
* * * LOW HITPOINT WARNING * * *
You hit the bombardier beetle but do no damage.
The bombardier beetle is severely wounded.
The liquid fire burns you!
You die...

.###### ##.## .#
#)# .# #..# #.# ..
#..#########.##
.##....<.........
..#.#############
## ...# #B##..#
#$h'..# #o##..#
###...# ###...#.#
#......#.##########
..###.............#
. #############.#
#.# .. #.# ..


You could see a bombardier beetle and an orc.

Vanquished Creatures
  An adder (D:2)
  3 dart slugs (D:2)
  A ribbon worm (D:2)
  An orc (D:3)
  6 endoplasms
  3 giant cockroaches
  6 goblins
  2 hobgoblins (D:1)
  4 jackals (D:2)
  7 kobolds
  4 quokkas
  6 ball pythons
  6 bats
  3 frilled lizards (D:1)
  2 rats
55 creatures vanquished.

Notes
Turn   | Place    | Note
-------+----------+-------------------------------------------
     0 | D:1      | jjjjhere the Merfolk Shapeshifter began the quest for the
                  | Orb.
     0 | D:1      | Reached XP level 1. HP: 15/15 MP: 1/1
   195 | D:1      | Reached XP level 2. HP: 21/21 MP: 2/2
   307 | D:1      | Reached skill level 1 in Shields
   630 | D:1      | Reached XP level 3. HP: 24/26 MP: 3/3
  1331 | D:2      | Reached XP level 4. HP: 32/32 MP: 4/4
  2247 | D:3      | HP: 6/32 [burnt (5)]
  2248 | D:3      | Incinerated by a bombardier beetle

Illustrated notes

Levels and vault maps discovered:
D:1:      roderic_chinese_lattice_arrival, layout_loops_corners,
          minmay_tromino_i2
D:2:      layout_basic
D:3:      layout_loops_ring, minmay_divided_ellipse

Skill      XL: |  1  2  3 |
---------------+----------+-----
Shields        | 1 |  1.6
Unarmed Combat | 4 |  4.4
Fighting       | |  1.1
Dodging        | |  2.6
Shapeshifting  | |  4.9

Action                     |  1- 3 |  4- 6 || total
---------------------------+-------+-------++-------
  Melee: Unarmed           |   109 |    39 ||   148
   Stab: Sleeping          |       |     1 ||     1
 Armour: Animal skin       |    56 |    13 ||    69
  Dodge: Dodged            |    41 |    11 ||    52
  Block: Tower shield      |    68 |    23 ||    91

Table legend: (Time is in decaauts)
 A = Elapsed time spent in this place.
 B = Non-inter-level travel time spent in this place.
 C = Inter-level travel time spent in this place.
 D = Time resting spent in this place.
 E = Time spent auto-exploring this place.
 F = Levels seen in this place.
 G = Mean time per level.
                   A        B        C        D        E       F      G
               +--------+--------+--------+--------+--------+-----+--------+
         Total |   2297 |   2255 |     42 |    226 |   1581 |   3 |  765.7 |
       Dungeon |   2297 |   2255 |     42 |    226 |   1581 |   3 |  765.7 |
               +--------+--------+--------+--------+--------+-----+--------+

Top non-repeatable levels by time:
     D:1: 1018 daAuts
     D:2: 948 daAuts
     D:3: 330 daAuts
